 Dungeon Crawl Stone Soup version 0.30.1-4-g462c640d31 (webtiles) character file.

Game seed: 15809955168453043963

7532 monsoonserge the Carver (level 10, -3/79 HPs)
             Began as a Demonspawn Monk on Sept 19, 2023.
             Killed from afar by a rime drake (20 damage)
             ... with an icy flash freeze
             ... on level 11 of the Dungeon.
             The game lasted 00:25:11 (9701 turns).

monsoonserge the Carver (Demonspawn Monk)           Turns: 9701, Time: 00:25:11

Health: -3/79      AC:  9    Str: 12    XL:     10   Next: 96%
Magic:  0/10       EV: 15    Int: 12    God:
Gold:   410        SH:  0    Dex: 19    Spells: 9/9 levels left

rFire   + . .        z - +4 falchion
rCold   . . .        (no shield)
rNeg    . . .        d - +0 acid dragon scales
rPois   +            (no helmet)
rElec   .            T - scarf {harm}
rCorr   +            (no gloves)
SInv    .            u - +0 pair of boots
Will    .....        w - amulet of guardian spirit
Stlth   +++          R - ring of protection from fire
HPRegen 0.33/turn    p - ring of poison resistance
MPRegen 0.24/turn

%: harm (+30% outgoing, +20% incoming), guardian spirit
@: no status effects
A: spiny 2, magic regeneration, demonic touch 2
a: no special abilities


You were on level 11 of the Dungeon.
You visited 2 branches of the dungeon, and saw 12 of its levels.
You also visited: Sewer.

You collected 536 gold pieces.
You spent 126 gold pieces at shops.

Inventory:

Hand Weapons
 z - a +4 falchion (weapon)
 S - a +0 shortbow
Missiles
 a - 2 throwing nets
 m - 45 poisoned darts (quivered)
 A - 9 boomerangs
 I - 5 curare-tipped darts
Armour
 d - +0 acid dragon scales (worn)
 u - a +0 pair of boots (worn)
 P - a +2 leather armour of poison resistance
 T - a scarf of harm (worn)
Magical Staves
 t - a staff of death
 Q - a staff of poison
Jewellery
 i - a ring of fire
 p - a ring of poison resistance (right hand)
 w - an amulet of guardian spirit (around neck)
 R - a ring of protection from fire (left hand)
Wands
 O - a wand of iceblast (9)
 V - a wand of polymorph (5)
Scrolls
 b - 3 scrolls of amnesia
 f - 6 scrolls of blinking
 j - a scroll of silence
 n - 8 scrolls of teleportation
 o - 2 scrolls of enchant armour
 q - 5 scrolls of fear
 s - 2 scrolls of vulnerability
 v - a scroll of fog
 x - 2 scrolls of immolation
 y - 3 scrolls of enchant weapon
 F - a scroll of poison {unknown}
 K - a scroll of magic mapping
 M - 3 scrolls of torment
 N - a scroll of brand weapon
Potions
 c - a potion of ambrosia
 e - a potion of berserk rage {unknown}
 g - a potion of resistance {unknown}
 h - 6 potions of might {unknown}
 k - 2 potions of attraction {unknown}
 l - 4 potions of cancellation
 r - 4 potions of curing
 B - 3 potions of brilliance {unknown}
 C - a potion of mutation {unknown}
 D - 2 potions of degeneration {unknown}
 E - 2 potions of flight {unknown}
 G - 3 potions of heal wounds {unknown}
 H - 3 potions of haste {unknown}
 J - 2 potions of invisibility {unknown}
 L - a potion of magic {unknown}
Miscellaneous
 U - a piece from Xom's chessboard (15/15)


   Skills:
 + Level 7.2 Fighting
 + Level 10.8 Long Blades
 + Level 0.4 Throwing
 + Level 6.5 Armour
 + Level 6.5 Dodging
 + Level 4.0 Stealth
 + Level 1.0 Unarmed Combat


You had 9 spell levels left.
You didn't know any spells.
Your spell library contained the following spells:

 Spells                   Type           Power      Damage    Failure   Level
 Apportation              Tloc           0%         N/A       43%         1
 Sting                    Tmut/Pois      0%         1d3       43%         1
 Cigotuvi's Dreadful Rot  Necr/Pois/Air  0%         N/A       56%         2
 Poisonous Vapours        Pois/Air       0%         N/A       56%         2
 Frozen Ramparts          Ice            0%         1d1       80%         3
 Ignite Poison            Fire/Tmut/Pois 0%         N/A       80%         3
 Mephitic Cloud           Conj/Pois/Air  0%         N/A       80%         3
 Ozocubu's Armour         Ice            0%         N/A       80%         3
 Ice Form                 Ice/Tmut       0%         N/A       99%         4
 Olgreb's Toxic Radiance  Pois           0%         N/A       99%         4
 Summon Ice Beast         Ice/Summ       0%         N/A       99%         4
 Alistair's Intoxication  Tmut/Pois      0%         N/A       100%        5
 Freezing Cloud           Conj/Ice/Air   0%         6-21      100%        5
 Ozocubu's Refrigeration  Ice            0%         4d7       100%        7


Dungeon Overview and Level Annotations

Branches:
Dungeon (11/15)            Temple (1/1) D:5           Sewer (visited)
   Lair: D:8-11         Orc: D:9-12

Altars:
Ashenzari
Cheibriados
Dithmenos
Fedhas
Gozag
Hepliaklqana
Kikubaaqudgha
Makhleb
Nemelex Xobeh
Okawaru
Qazlal
Ru
Sif Muna
Trog
Uskayaw
Vehumet
Wu Jian
Xom
Yredelemnul

Shops:
D:7 ?

Portals:
Ice
Cave: D:11

Annotations:
D:11 Maurice


Innate Abilities, Weirdness & Mutations

You are mostly covered in sharp spines.
You regenerate magic rapidly.
Your touch may inflict irresistible damage on your foes.


Message History

The acid dragon completely misses you.
You hit the acid dragon.
The acid dragon is moderately wounded.
The acid dragon is struck by your spines.
The acid dragon bites you but does no damage.
The acid dragon closely misses you.
You hit the acid dragon but do no damage.
The acid dragon is severely wounded.
You slash the acid dragon!
You kill the acid dragon!
Press: ? - help, v - describe, . - travel, g - get item
Items here: a +0 shortbow; a centaur corpse.
The floor.
k - 2 red potions (gained 1)
There are no items here.
Found a wand of polymorph (6). 2 rime drakes and Maurice come into view.
Maurice is wielding a +0 short sword and carrying a wand of iceblast (4).
Found a frozen archway.
The rime drake hisses angrily. x2
You hit the rime drake but do no damage.
The rime drake barely misses you.
You hit the rime drake.
The rime drake is lightly wounded.
The rime drake bites you.
* * * LOW HITPOINT WARNING * * *
The rime drake is struck by your spines.
The rime drake bites you.
* * * LOW HITPOINT WARNING * * *
You slash the rime drake!
The rime drake is heavily wounded.
The rime drake closely misses you. The rime drake breathes ice at you.
The icy flash freeze misses you.
Unknown command.
You hit the rime drake.
The rime drake is severely wounded.
The rime drake breathes ice at you. The icy flash freeze hits you!!
You die...

......# #### ........
##..≈ ........ ###.....#
........
###....#..≈#≈.......
##.....≈#...≈#.......
##......≈#..k..≈......
##.......≈#∩.k@........
##........≈#####........
##...).....≈≈≈≈≈.........
#........................
#...<........#...........
#...................../..
##.......<.............#.
##.................###@.
#..............#### .#


You could see Maurice and 2 rime drakes.

Vanquished Creatures
  A two-headed ogre (D:9)
  2 kobold demonologists
  Prince Ribbit (D:9)
  A hornet (D:8)
  4 wyverns
  A wraith (D:10)
  6 yaks (D:10)
  A steam dragon (D:7)
  2 vampire mosquitoes (D:10)
  2 acid dragons
  A water moccasin (D:8)
  2 orc warriors
  3 ice beasts
  2 black bears
  An ogre (D:5)
  A phantom (D:6)
  3 centaurs
  3 kobold brigands
  The ghost of Kurtz the Chopper, an amateur TeGl (D:3)
  A bullfrog (D:7)
  2 scorpions
  3 wights (D:6)
  23 killer bees
  2 howler monkeys
  5 electric eels (D:6)
  5 orc priests
  A hound (D:4)
  4 jellies
  2 sleepcaps
  5 iguanas
  3 orc wizards
  Natasha (thrice) (D:2)
  4 river rats
  7 adders
  A shadow imp (D:6)
  A white imp (D:7)
  An ufetubus (D:6)
  7 worms
  3 dart slugs
  17 orcs
  6 bats
  7 endoplasms
  5 giant cockroaches
  6 goblins
  8 hobgoblins
  6 jackals (D:2)
  31 kobolds
  4 quokkas
  8 ball pythons
  9 rats
228 creatures vanquished.

Notes
Turn   | Place    | Note
-------+----------+-------------------------------------------
     0 | D:1      | monsoonserge the Demonspawn Monk began the quest for the
                  | Orb.
     0 | D:1      | Reached XP level 1. HP: 18/18 MP: 1/1
   124 | D:1      | Gained mutation: You are partially covered in sharp spines.
                  | [demonic ancestry]
   124 | D:1      | Reached XP level 2. HP: 9/24 MP: 2/2
   190 | D:1      | Reached skill level 3 in Long Blades
   703 | D:2      | Gained mutation: You are mostly covered in sharp spines.
                  | [demonic ancestry]
   703 | D:2      | Reached XP level 3. HP: 29/29 MP: 3/3
   745 | D:2      | Noticed Natasha
   749 | D:2      | Killed Natasha
   794 | D:2      | Noticed Natasha
   797 | D:2      | Killed Natasha
   798 | D:2      | Reached XP level 4. HP: 30/36 MP: 4/4
   893 | D:2      | Noticed Natasha
   901 | D:2      | Killed Natasha
   902 | D:2      | Reached skill level 4 in Long Blades
   902 | D:2      | Reached skill level 1 in Armour
  1625 | D:3      | Found a runed translucent door.
  1631 | D:3      | Reached XP level 5. HP: 42/42 MP: 5/5
  1632 | D:3      | Noticed Kurtz's ghost (amateur TeGl)
  2174 | D:4      | Found an opulent altar of Gozag.
  2234 | D:4      | Gained mutation: You regenerate magic rapidly. [demonic
                  | ancestry]
  2234 | D:4      | Reached XP level 6. HP: 24/48 MP: 2/6
  2602 | D:4      | Reached skill level 5 in Long Blades
  3131 | D:5      | Entered Level 5 of the Dungeon
  3132 | D:5      | Found a staircase to the Ecumenical Temple.
  3148 | Temple   | Entered the Ecumenical Temple
  3184 | D:5      | Gained mutation: Your touch may inflict minor irresistible
                  | damage on your foes. [demonic ancestry]
  3184 | D:5      | Reached XP level 7. HP: 17/54 MP: 5/7
  3450 | D:5      | Found a glowing drain.
  3460 | D:5      | Reached skill level 1 in Unarmed Combat
  3464 | Sewer    | Entered a sewer
  4271 | D:5      | Reached skill level 6 in Long Blades
  4694 | D:5      | Reached skill level 1 in Stealth
  4694 | D:5      | Gained mutation: Your touch may inflict irresistible damage
                  | on your foes. [demonic ancestry]
  4694 | D:5      | Reached XP level 8. HP: 54/61 MP: 8/8
  4949 | D:6      | Reached skill level 5 in Fighting
  4976 | D:6      | Reached skill level 7 in Long Blades
  5929 | D:7      | Reached XP level 9. HP: 66/68 MP: 9/9
  5934 | D:6      | Reached skill level 5 in Armour
  5998 | D:7      | Found Irhuov's Magic Scroll Shoppe.
  6003 | D:7      | Bought a scroll of teleportation for 33 gold pieces
  6003 | D:7      | Bought a scroll of blinking for 82 gold pieces
  6003 | D:7      | Bought a scroll of noise for 11 gold pieces
  6165 | D:7      | Reached skill level 8 in Long Blades
  6250 | D:7      | Reached skill level 5 in Dodging
  6404 | D:7      | Found a snail-covered altar of Cheibriados.
  6833 | D:8      | Found an ornate altar of the Wu Jian Council.
  6916 | D:8      | Reached skill level 9 in Long Blades
  7665 | D:3      | Killed Kurtz's ghost
  7666 | D:3      | Reached XP level 10. HP: 76/76 MP: 10/10
  7874 | D:9      | Found a hide-covered altar of Uskayaw.
  8267 | D:9      | Noticed Prince Ribbit
  8283 | D:9      | Killed Prince Ribbit
  8324 | D:9      | Noticed a two-headed ogre
  8331 | D:9      | Killed a two-headed ogre
  8605 | D:9      | Reached skill level 10 in Long Blades
  8832 | D:10     | Entered Level 10 of the Dungeon
  9618 | D:10     | HP: 1/79 [yak (9)]
  9696 | D:11     | Found a frozen archway.
  9696 | D:11     | Noticed Maurice
  9701 | D:11     | Killed from afar by a rime drake

Illustrated notes

Levels and vault maps discovered:
D:1:      dpeg_arrival_arbitrary_c, layout_rooms, minmay_misc_feat_plants,
          st_stairs_8, minmay_misc_feat_tiny, dreamdust_princess_corridor,
          minmay_misc_feat_four_crosses
D:2:      layout_basic, uniq_natasha
D:3:      layout_basic, gammafunk_ghost_grave
D:4:      layout_loops_ring, mainiacjoe_overflow_alcove_2
D:5:      layout_layer_cave, minmay_temple_entry_sparse_star,
          portal_sewer_entry_e
D:6:      layout_rooms, chequers_big_river
D:7:      layout_loops_cross, mainiacjoe_overflow_tiny_flanked,
          kennysheep_slug_shrine, serial_shops, shop
D:8:      layout_basic, nzn_wu_jian_contemplation, serial_aquarium,
          aquarium_bridge_straight [aquarium_subvault_bridge,
          aquarium_subvault_wall, aquarium_subvault_bridge,
          aquarium_subvault_wall], aquarium_bridge_straight
          [aquarium_subvault_bridge, aquarium_subvault_wall,
          aquarium_subvault_bridge, aquarium_subvault_wall], aquarium_window_1,
          aquarium_window_corner, aquarium_window_corner, aquarium_window_2,
          aquarium_view_2b, aquarium_balcony_3a, aquarium_pool_double
D:9:      layout_basic, mainiacjoe_overflow_small_starburst, eino_jars,
          uniq_prince_ribbit1
D:10:     layout_small_grid
D:11:     layout_cave_pods, erik_lair_island, orc_0_dummy, portal_ice_cave_rime,
          uniq_maurice
Temple:   sentei_temple_godly_chess

Skill      XL: |  1  2  3  4  5  6  7  8  9 10 |
---------------+-------------------------------+-----
Long Blades    | 3 4 5 6 7 9 10 | 10.8
Dodging        | 3 4 5 6 |  6.5
Armour         | 1 2 3 4 6 |  6.5
Fighting       | 4 5 6 7 |  7.2
Unarmed Combat | 1 |  1.0
Stealth        | 1 2 4 |  4.0
Throwing       | |  0.4

Action                     |  1- 3 |  4- 6 |  7- 9 | 10-12 || total
---------------------------+-------+-------+-------+-------++-------
  Melee: Falchion          |    50 |   128 |   208 |    98 ||   484
         Touch             |       |       |    46 |    14 ||    60
         Punch             |       |       |     2 |     1 ||     3
  Throw: Dart              |       |       |       |     2 ||     2
    Use: Scroll            |       |       |    12 |     2 ||    14
         Potion            |       |       |       |     1 ||     1
   Stab: Sleeping          |       |       |     3 |     1 ||     4
 Armour: Leather armour    |     7 |       |    24 |    14 ||    45
         Ring mail         |     5 |    43 |    31 |       ||    79
         Acid dragon scale |       |       |       |    12 ||    12
  Dodge: Dodged            |    27 |    61 |   155 |    87 ||   330
